 Dungeon Crawl Stone Soup version 0.14.1-1-g650416f (webtiles) character file.

324 Indrah22 the Grave Robber (level 6, 0/50 HPs)
             Began as a Minotaur Necromancer on May 11, 2014.
             Slain by an orc wizard
             ... wielding a cursed -3,-2 dagger
              (2 damage)
             ... on Level 4 of the Dungeon.
             The game lasted 00:18:39 (3474 turns).

Indrah22 the Grave Robber (Minotaur Necromancer)    Turns: 3474, Time: 00:18:39

HP   0/50        AC  2     Str 13      XL: 6   Next:  6%
MP   5/7         EV 13     Int 18      God:
Gold 42          SH  0     Dex 11      Spells:  3 memorised,  4 levels left

rFire  . . .     SeeInvis .     i - +1,+0 whip (flame)
rCold  . . .     Clarity  .     a - +0 robe
rNeg   . . .     Conserve .     (no shield)
rPois  .         rCorr    .     (helmet restricted)
rElec  .         rRot     .     (no cloak)
SustAb . .       Spirit   .     (no gloves)
rMut   .         Warding  .     (no boots)
Saprov . . .     Stasis   .     (no amulet)
MR     .....                    (no ring)
                                (no ring)

@: about to teleport, brilliant, not resistant to hostile enchantments,
unstealthy
A: retaliatory headbutt, horns 2
a: no special abilities


You were on level 4 of the Dungeon.
You were hungry.

You visited 1 branch of the dungeon, and saw 4 of its levels.

You collected 42 gold pieces.

Inventory:

Hand weapons
 d - a +0,+0 whip
 g - a +0,+0 short sword
 i - a +1,+0 whip of flaming (weapon)
 y - a +1,+2 dagger of draining
Missiles
 j - 21 bolts
 k - 3 darts of flame (quivered)
 t - 2 tomahawks
 z - 13 bolts of flame
Armour
 a - a +0 robe (worn)
 v - a +1 ring mail of cold resistance
Comestibles
 c - 4 bread rations
 q - a banana
 u - 5 chunks of orc flesh
Scrolls
 e - a scroll of teleportation
 f - a scroll of immolation {unknown}
 h - a scroll of recharging {unknown}
 m - a scroll of identify {unknown}
 o - a scroll of enchant armour {unknown}
Jewellery
 l - a +5 ring of intelligence {unknown}
 s - an uncursed ring of poison resistance {unknown}
Books
 b - a book of Necromancy

   Spells                             Type                      Level
   *Pain                              Necromancy                   1
   *Animate Skeleton                  Necromancy                   1
   Lethal Infusion                    Charms/Necromancy            2
   Vampiric Draining                  Necromancy                   3
   *Regeneration                      Charms/Necromancy            3
   Animate Dead                       Necromancy                   4
   Control Undead                     Necromancy                   4


   Skills:
 + Level 2.6 Fighting
 + Level 2.5 Maces & Flails
 + Level 1.5 Throwing
 + Level 3.4 Dodging
 - Level 1.9 Stealth
 + Level 2.0 Spellcasting
 + Level 0.8 Charms
 + Level 3.6 Necromancy


You had 4 spell levels left.
You knew the following spells:

 Your Spells              Type           Power        Failure   Level  Hunger
a - Pain                  Necr           ####         1%          1    #......
b - Regeneration          Chrm/Necr      ###.......   3%          3    ####...
x - Animate Skeleton      Necr           N/A          1%          1    #......


Dungeon Overview and Level Annotations

Branches:
Dungeon (4/15)
 Temple: D:4-7

Altars:
Elyvilon
Zin


Innate Abilities, Weirdness & Mutations

You reflexively headbutt those who attack you in melee.
You have a pair of horns on your head.


Message History

The orc wizard struggles to resist.
The orc wizard points at you and mumbles some strange words.
The puff of flame misses you.
Drink which item? (? for menu, Esc to quit)
Okay, then.
Drink which item? (? for menu, Esc to quit)
You feel clever all of a sudden.
It was a potion of brilliance.
The orc wizard gestures wildly while chanting.
The orc wizard flickers and vanishes!
Deactivating autopickup; reactivate with Ctrl-A.
Drink which item? (? for menu, Esc to quit)
You feel better.
It was a potion of curing.
You hear some strange, mumbled words.
The puff of flame hits you!
* * * LOW HITPOINT WARNING * * *
Read which item? (? for menu, Esc to quit)
As you read the scroll of teleportation, it crumbles to dust.
You feel strangely unstable. Something hits you.
You die...

.# #..####.###.#.#### ...
#..# #.# #.#....##
##.##..####.# #.#.###.##
............# #..## ##.#
#.#...#.#### #..# #.# #
#....#.# #..## ##.#
#.#...###.####.#.###.##
####....## ##<.........##
..........###@)(...######
####.###..#.####### #
#.#.## #.### #.# #.# #.#
..# ###


There were no monsters in sight!

Vanquished Creatures
  A phantom (D:4)
  2 orc wizards
  7 adders
  An ooze (D:3)
  8 orcs
  8 bats
  4 giant cockroaches
  8 goblins
  5 hobgoblins
  3 jackals
  10 kobolds
  A quokka (D:2)
  A ball python (D:2)
  2 giant newts
  7 rats
68 creatures vanquished.

Vanquished Creatures (collateral kills)
  A giant cockroach (D:2)
  A goblin (D:3)
  A hobgoblin (D:2)
  A jackal (D:3)
  A kobold (D:1)
  A bat (D:2)
  A giant newt (D:3)
  4 rats
11 creatures vanquished.

Vanquished Creatures (others)
  2 bat skeletons
  A jackal skeleton (D:3)
  2 orc skeletons (D:4)
5 creatures vanquished.

Grand Total: 84 creatures vanquished

Notes
Turn   | Place    | Note
--------------------------------------------------------------
     0 | D:1      | Indrah22, the Minotaur Necromancer, began the quest for the Orb.
     0 | D:1      | Reached XP level 1. HP: 14/14 MP: 2/2
     8 | D:1      | Reached skill level 3 in Necromancy
    85 | D:1      | Learned a level 1 spell: Animate Skeleton
   284 | D:1      | Reached XP level 2. HP: 10/20 MP: 0/2
  1134 | D:2      | Found a white marble altar of Elyvilon.
  1227 | D:2      | Reached XP level 3. HP: 20/27 MP: 0/4
  1468 | D:2      | Reached skill level 1 in Fighting
  1503 | D:2      | Learned a level 3 spell: Regeneration
  1993 | D:2      | Found a white marble altar of Elyvilon.
  2106 | D:2      | Reached XP level 4. HP: 31/35 MP: 2/4
  2279 | D:3      | Reached skill level 1 in Maces & Flails
  2451 | D:3      | Reached skill level 1 in Throwing
  2829 | D:3      | Reached XP level 5. HP: 39/41 MP: 4/4
  2854 | D:3      | Found a glowing silver altar of Zin.
  2855 | D:3      | Noticed an angel
  3302 | D:4      | Noticed a phantom
  3426 | D:4      | Killed a phantom
  3464 | D:4      | Reached XP level 6. HP: 16/50 MP: 7/7
  3473 | D:4      | HP: 2/50 [something/puff of flame (10)]
  3474 | D:4      | Slain by an orc wizard

Action                   |  1- 3 |  4- 6 || total
-------------------------+-------+-------++-------
Melee: Whip              |    79 |    89 ||   168
Throw: Dart              |     1 |     1 ||     2
       Javelin           |       |    27 ||    27
 Cast: Pain              |    17 |     9 ||    26
       Animate Skeleton  |    11 |    13 ||    24
  Use: Scroll            |       |     2 ||     2
       Potion            |       |     2 ||     2
 Stab: Sleeping          |     1 |     2 ||     3
